 Dungeon Crawl Stone Soup version 0.29.1-1-gd02db6906a (webtiles) character file.

Game seed: 14000740189374376451

296 Acheron the Trooper (level 6, 0/53 HPs)
             Began as a Minotaur Abyssal Knight on Sept 29, 2022.
             Was a Believer of Lugonu.
             Slain by Grinder (6 damage)
             ... on level 4 of the Dungeon.
             The game lasted 00:12:35 (2321 turns).

Acheron the Trooper (Minotaur Abyssal Knight)       Turns: 2321, Time: 00:12:35

Health: 0/53       AC:  4    Str: 18    XL:     6   Next: 12%
Magic:  7/7        EV: 11    Int:  7    God:    Lugonu [**....]
Gold:   103        SH:  5    Dex: 12    Spells: 5/5 levels left

rFire   . . .      SeeInvis .   a - +1 falchion
rCold   . . .      Faith    .   g - +1 buckler
rNeg    + . .      Spirit   .   b - +0 leather armour
rPois   .          Reflect  .   (helmet restricted)
rElec   .          Harm     .   (no cloak)
rCorr   +          Rampage  .   (no gloves)
Will    .....                   q - +0 pair of boots
Stlth   +.........              f - amulet of regeneration
HPRegen 0.97/turn               e - ring of positive energy
MPRegen 0.10/turn               j - ring of resist corrosion

@: mighty
A: horns 2, retaliatory headbutt
a: Renounce Religion, Depart the Abyss, Bend Space


You were on level 4 of the Dungeon.
You worshipped Lugonu.
Lugonu was pleased with you.
You visited 1 branch of the dungeon, and saw 4 of its levels.
You visited the Abyss 1 time.

You collected 103 gold pieces.

Inventory:

Hand Weapons
 a - a +1 falchion (weapon)
Armour
 b - a +0 leather armour (worn)
 g - a +1 buckler (worn)
 q - a +0 pair of boots (worn)
Magical Staves
 k - a staff of air
Jewellery
 d - a ring of fire
 e - a ring of positive energy (left hand)
 f - an amulet of regeneration (around neck)
 j - a ring of resist corrosion (right hand)
Wands
 r - a wand of paralysis (4)
Scrolls
 o - a scroll of amnesia
 s - a scroll of butterflies {unknown}
Potions
 c - a potion of invisibility
 h - a potion of resistance {unknown}
 l - a potion of flight {unknown}
 m - 2 potions of mutation {unknown}


   Skills:
 + Level 4.5 Fighting
 + Level 3.9 Long Blades
 * Level 3.7 Armour
 * Level 2.3 Dodging
 * Level 1.5 Stealth
 * Level 1.5 Shields
 * Level 2.8 Invocations
 * Level 1.3 Evocations


You had 5 spell levels left.
You didn't know any spells.
Your spell library contained the following spells:

 Spells                   Type           Power      Damage    Failure   Level
 Static Discharge         Conj/Air       0%         3-3/arc   75%         2
 Dazzling Flash           Conj/Hex       0%         N/A       92%         3
 Iskenderun's Mystic Bla  Conj/Tloc      0%         2d3       100%        4
 Lightning Bolt           Conj/Air       0%         1d11      100%        5
 Starburst                Conj/Fire      0%         6d3       100%        6
 Maxwell's Capacitive Co  Air            0%         ∞         100%        8


Dungeon Overview and Level Annotations

Branches:
Dungeon (4/15)             Temple (0/1) D:4

Altars:

Annotations:
D:1 exclusion: downstairs
D:2 Sigmund
D:3 exclusions: downstairs and upstairs
D:4 Grinder


Innate Abilities, Weirdness & Mutations

You have a pair of horns on your head.
You reflexively headbutt those who attack you in melee.


Message History

The orc hits you but does no damage.
You hit the orc.
You kill the orc!
Lugonu accepts your kill.
You barely miss Grinder.
Grinder is severely wounded.
Grinder barely misses you. You furiously retaliate!
You headbutt Grinder. Grinder hits you.
You writhe in agony.
You closely miss Grinder. You headbutt Grinder, but do no damage.
Grinder is almost dead.
Grinder gestures at you. Pain shoots through your body!
You hit Grinder. Your headbutt misses Grinder.
Grinder is almost dead.
Grinder hits you.
You writhe in agony.
You closely miss Grinder.
Grinder is almost dead.
Grinder hits you!
You writhe in agony.
You hit Grinder.
Grinder is almost dead.
Grinder gestures at you. Pain shoots through your body!
You hit Grinder. Your headbutt misses Grinder.
Grinder is almost dead.
You hear the quick hiss of a distant avalanche of sand.
Grinder gestures at you.
You suddenly lose the ability to move!
Grinder gestures at you. You resist with significant effort. Grinder hits you!
You writhe in agony.
* * * LOW HITPOINT WARNING * * *
Grinder hits you!
* * * LOW HITPOINT WARNING * * *
A worm comes into view.
Grinder hits you.
* * * LOW HITPOINT WARNING * * *
You can move again.
You feel very mighty all of a sudden. Grinder hits you.
You die...

. .....≈≈≈ . .......
.##.....# #.# ...#
.......####... #..## #
#.......o.#...##...## .#.
#......##...........#
....##..o...##............
......#.#### #............
.....w..5@)###........†...
....#.#.##..# #.......<..#
.. #.#.###.####...##...##
# #.# #...#####...### #.#
###..........## #.#
#####.......# #.#
#.......#
#.#########.......#
.................##


You could see Grinder and a worm (wandering).

Vanquished Creatures
  A water moccasin (D:4)
  An ogre (D:4)
  An iguana (D:4)
  2 adders (D:2)
  A worm (D:2)
  A dart slug (D:1)
  4 orcs (D:4)
  A ball python (D:1)
  An endoplasm (D:1)
  3 giant cockroaches
  10 goblins
  8 hobgoblins
  4 kobolds
  2 quokkas (D:2)
  5 bats (D:1)
  8 frilled lizards
  5 rats
58 creatures vanquished.

Vanquished Creatures (others)
  4 plants (D:1)
4 creatures vanquished.

Grand Total: 62 creatures vanquished

Notes
Turn   | Place    | Note
-------+----------+-------------------------------------------
     0 | Abyss:1  | Acheron the Minotaur Abyssal Knight began the quest for the
                  | Orb.
     0 | Abyss:1  | Reached XP level 1. HP: 19/19 MP: 1/1
    76 | Abyss:1  | Found a corrupted altar of Lugonu.
   153 | Abyss:1  | Noticed a balrug
   156 | D:1      | Escaped the Abyss
   766 | D:1      | Reached XP level 2. HP: 27/27 MP: 2/2
   778 | D:1      | Reached ** piety under Lugonu
   779 | D:1      | Reached skill level 4 in Fighting
  1371 | D:2      | Noticed Sigmund
  1462 | D:2      | Reached XP level 3. HP: 33/33 MP: 3/3
  1582 | D:2      | Reached skill level 1 in Stealth
  1627 | D:2      | Found a faded altar of an unknown god.
  1837 | D:3      | Reached XP level 4. HP: 40/40 MP: 4/4
  1854 | D:4      | Noticed an ogre
  1891 | D:4      | Found a staircase to the Ecumenical Temple.
  2215 | D:4      | Noticed Grinder
  2216 | D:4      | Noticed a water moccasin
  2233 | D:4      | Killed a water moccasin
  2234 | D:4      | Reached skill level 1 in Shields
  2234 | D:4      | Reached skill level 1 in Evocations
  2234 | D:4      | Reached XP level 5. HP: 15/47 MP: 5/5
  2236 | D:4      | Paralysed by Grinder for 4 turns
  2250 | D:4      | Paralysed by Grinder for 4 turns
  2270 | D:4      | Paralysed by Grinder for 5 turns
  2294 | D:4      | Killed an ogre
  2295 | D:4      | Reached XP level 6. HP: 35/53 MP: 5/7
  2316 | D:4      | Paralysed by Grinder for 5 turns
  2321 | D:4      | Slain by Grinder

Illustrated notes

Levels and vault maps discovered:
D:1:      roderic_crop_circles_arrival_small, layout_basic
D:2:      kennysheep_the_goblin_king, layout_basic,
          ebering_ecumenical_altar_mist, minmay_cut_off, uniq_sigmund
D:3:      layout_rooms
D:4:      layout_rooms, gammafunk_temple_overflow_forgotten, temple_pool_b,
          nicolae_ossuary_entry_monument, minmay_misc_feat_doors, uniq_grinder

Skill      XL: |  1  2  3  4 |
---------------+-------------+-----
Invocations    | 2 |  2.8
Fighting       | 4 |  4.5
Long Blades    | 3 |  3.9
Stealth        | 1 |  1.5
Armour         | 3 |  3.7
Dodging        | 2 |  2.3
Shields        | 1 |  1.5
Evocations     | 1 |  1.3

Action                   |  1- 3 |  4- 6 || total
-------------------------+-------+-------++-------
Melee: Falchion          |    93 |    61 ||   154
       Headbutt          |    10 |     6 ||    16
Invok: Depart the Abyss  |     1 |       ||     1
  Use: Scroll            |     6 |     1 ||     7
       Potion            |       |     3 ||     3
 Stab: Sleeping          |     2 |       ||     2
Armor: Leather armour    |    21 |    14 ||    35
Dodge: Dodged            |    50 |    23 ||    73
Block: Buckler           |    14 |     7 ||    21
